 Dungeon Crawl Stone Soup version 0.31-a0-4-gefa6de2278 (webtiles) character file.

Game seed: 16686667903832917209

193 subawu the Covered (level 5, 0/42 HPs)
             Began as a Minotaur Fighter on May 4, 2023.
             Was a Believer of Hepliaklqana.
             Drowned by a drowned soul (2 damage)
             ... summoned by a malarious merfolk avatar
             ... in a sewer.
             The game lasted 00:11:39 (2247 turns).

subawu the Covered (Minotaur Fighter)               Turns: 2247, Time: 00:11:40

Health: 0/42       AC: 11    Str: 27    XL:     5   Next: 43%
Magic:  4/4        EV: 10    Int:  7    God:    Hepliaklqana [**....]
Gold:   113        SH:  9    Dex:  9    Spells: 4/4 levels left

rFire   . . .        o - +1 rapier (freeze)
rCold   . . .        c - +0 buckler
rNeg    . . .        b - +0 scale mail
rPois   .            (helmet restricted)
rElec   .            s - +2 cloak
rCorr   .            q - +0 pair of gloves
SInv    .            (no boots)
Will    .....        v - amulet of reflection Stlth
                     t - +6 ring of strength
HPRegen 0.27/turn    (no ring)
MPRegen 0.09/turn

%: reflection
@: lethally poisoned (0 -> -2), mesmerised, very slow
A: reduced essence, horns 2, retaliatory headbutt
a: Renounce Religion, Ancestor Life: Knight, Ancestor Life: Battlemage, Ancestor
Life: Hexer, Recall Ancestor, Ancestor Identity


You were in a sewer.
You worshipped Hepliaklqana.
Hepliaklqana was pleased with you.
You visited 1 branch of the dungeon, and saw 3 of its levels.
You also visited: Sewer.

You collected 113 gold pieces.

Inventory:

Hand Weapons
 a - a +0 flail
 o - a +1 rapier of freezing (weapon)
Armour
 b - a +0 scale mail (worn)
 c - a +0 buckler (worn)
 l - a +0 ring mail
 q - a +0 pair of gloves (worn)
 s - a +2 cloak (worn)
Magical Staves
 r - a staff of air
Jewellery
 i - an amulet of regeneration
 t - a +6 ring of strength (left hand)
 v - an amulet of reflection (around neck)
Scrolls
 f - a scroll of magic mapping
 g - a scroll of enchant armour {unknown}
 h - a scroll of noise {unknown}
 k - a scroll of identify
 p - a scroll of immolation
 w - a scroll of fear {unknown}
 x - a scroll of amnesia
 y - a scroll of brand weapon {unknown}
 z - 2 scrolls of teleportation
Potions
 d - a potion of might
 e - a potion of curing
 j - a potion of invisibility {unknown}
 m - a potion of magic {unknown}
 n - 7 potions of flight
 u - a potion of berserk rage {unknown}


   Skills:
 + Level 4.7 Fighting
 + Level 1.5 Short Blades
 + Level 3.2 Maces & Flails
 + Level 5.1 Armour
 + Level 1.0 Dodging
 + Level 4.6 Shields


You had 4 spell levels left.
You didn't know any spells.
Your spell library contained the following spells:

 Spells                   Type           Power      Damage    Failure   Level
 Summon Small Mammal      Summ           0%         N/A       75%         1
 Call Canine Familiar     Summ           0%         N/A       98%         3
 Summon Guardian Golem    Hex/Summ       0%         N/A       98%         3
 Volatile Blastmotes      Fire/Tloc      0%         2d10      98%         3
 Fulminant Prism          Conj/Hex       0%         3d5       100%        4
 Iskenderun's Mystic Bla  Conj/Tloc      0%         2d3       100%        4
 Lee's Rapid Deconstruct  Erth           0%         3d4*      100%        5


Dungeon Overview and Level Annotations

Branches:
Dungeon (3/15)              Sewer (1/1)

Altars:
Hepliaklqana

Shops:
D:1 [   D:2 ?!


Innate Abilities, Weirdness & Mutations

Your life essence is reduced to manifest your ancestor. (-10% HP)
You have a pair of horns on your head.
You reflexively headbutt those who attack you in melee.


Message History

You freeze the malarious merfolk avatar.
Your headbutt misses the malarious merfolk avatar.
The malarious merfolk avatar is heavily wounded.
You feel very sick.
Ahhotep misses the malarious merfolk avatar.
You block the adder's attack.
Your unstable footing causes you to fumble your attack.
You feel very sick. The adder bites you but does no damage.
Ahhotep barely misses the malarious merfolk avatar.
The adder bites you but does no damage. The drowned soul touches you.
The drowned soul drowns you.
Ahhotep closely misses the malarious merfolk avatar.
Your unstable footing causes you to fumble your attack.
You feel sick.
The malarious merfolk avatar chants a haunting song.
You resist with some effort. You block the adder's attack.
Ahhotep hits the malarious merfolk avatar but does no damage.
The drowned soul touches you. The drowned soul drowns you.
* * * LOW HITPOINT WARNING * * *
You block the adder's attack.
You closely miss the malarious merfolk avatar.
The malarious merfolk avatar is heavily wounded.
You feel sick. The adder bites you but does no damage.
Ahhotep closely misses the malarious merfolk avatar.
Your unstable footing causes you to fumble your attack.
You feel sick. The drowned soul touches you. The drowned soul drowns you.
* * * LOW HITPOINT WARNING * * *
You block the adder's attack.
Ahhotep barely misses the malarious merfolk avatar.
You block the drowned soul's attack.
You feel sick. The adder barely misses you. The drowned soul touches you.
The drowned soul drowns you.
* * * LOW HITPOINT WARNING * * *
Ahhotep misses the malarious merfolk avatar.
The malarious merfolk avatar chants a haunting song.
You are mesmerised by the malarious merfolk avatar!
The adder bites you but does no damage. The drowned soul touches you.
The drowned soul drowns you.
You die...

≈≈≈≈≈≈≈≈≈≈≈≈≈
≈≈≈≈≈≈≈≈≈≈≈≈ ≈≈≈≈≈W≈≈≈≈≈
#~≈≈≈≈≈≈≈≈≈ +.~≈≈≈≈≈≈≈≈
#### #.~~≈≈≈≈≈≈≈ #..#
#.~~≈≈≈≈≈≈≈ #..#
#.mSW≈≈≈≈≈≈ ##
#..###R~@~W≈≈≈≈≈
≈########..#~~~~~~~~≈≈≈≈
#≈≈≈≈≈≈≈~~~~~~~~~~~~~≈≈≈
#########†.#~~~~~~~~≈≈≈≈
...~≈# #..###~~~~≈≈≈≈≈≈
###~~# ##.## #~~~≈≈≈≈≈≈≈
#..###†.# ##~≈≈≈≈≈≈≈≈
##.....## ~≈≈≈≈≈≈≈≈≈
####### ≈≈≈≈≈≈≈


You could see the friendly Ahhotep the ancestor, 3 drowned souls, a malarious
merfolk avatar (mesmerising) and an adder (ally target).

Vanquished Creatures
  A sickly merfolk siren (Sewer)
  A gnoll (D:1)
  5 adders
  A river rat (Sewer)
  2 dart slugs (D:2)
  3 worms
  6 ball pythons
  2 endoplasms
  2 giant cockroaches (D:3)
  2 goblins
  2 hobgoblins
  4 jackals
  4 quokkas
  4 bats
  A frilled lizard (D:2)
  A kobold (D:1)
  19 rats
60 creatures vanquished.

Vanquished Creatures (collateral kills)
  An adder (D:2)
  A river rat (Sewer)
  An orc (D:2)
  6 ball pythons
  2 endoplasms
  2 giant cockroaches (D:3)
  A hobgoblin (D:1)
  2 quokkas
  A frilled lizard (Sewer)
  A kobold (D:1)
  6 rats (Sewer)
24 creatures vanquished.

Vanquished Creatures (others)
  An ancestor (D:2)
1 creature vanquished.

Grand Total: 85 creatures vanquished

Notes
Turn   | Place    | Note
-------+----------+-------------------------------------------
     0 | D:1      | subawu the Minotaur Fighter began the quest for the Orb.
     0 | D:1      | Reached XP level 1. HP: 19/19 MP: 0/0
    79 | D:1      | Found Poineev's Armour Emporium.
   130 | D:1      | Reached XP level 2. HP: 21/27 MP: 1/1
   187 | D:1      | Reached skill level 4 in Armour
   248 | D:1      | Found a faded altar of an unknown god.
   284 | D:1      | Prayed at the altar of an unknown god.
   284 | D:1      | Became a worshipper of Hepliaklqana the Forgotten
   284 | D:1      | Reached * piety under Hepliaklqana
   328 | D:1      | Reached XP level 3. HP: 27/29 MP: 2/2
   966 | D:2      | Reached XP level 4. HP: 34/36 MP: 3/3
  1137 | D:2      | Found Orezub's Distillery.
  1358 | D:2      | Found Niller's Magic Scroll Boutique.
  1955 | D:3      | Found a glowing drain.
  2010 | Sewer    | Entered a sewer
  2053 | Sewer    | Reached ** piety under Hepliaklqana
  2062 | Sewer    | Reached skill level 1 in Short Blades
  2062 | Sewer    | Reached XP level 5. HP: 40/42 MP: 4/4
  2097 | Sewer    | Reached skill level 1 in Dodging
  2216 | Sewer    | Reached skill level 5 in Armour
  2247 | Sewer    | HP: 2/42 [drowned by a drowned soul[a malarious merfolk
                  | avatar] (3)]
  2247 | Sewer    | Drowned by a drowned soul

Illustrated notes

Levels and vault maps discovered:
D:1:      lemuel_arrival_lava_pool, layout_rooms,
          ebering_ecumenical_altar_petrified, serial_shops, nicolae_shop_stone
D:2:      minmay_spotlight, layout_basic, serial_shops, nicolae_shop_waterfront,
          shop_fountains, minmay_misc_feat_four_crosses, st_stairs_1
D:3:      layout_loops_ring, grunt_dithmenos_smoke, gup_sewer_entry_glass,
          serial_shops, shop, pf_guarded_unrand_woodcutter
Sewer:    sewer_sea

Skill      XL: |  1  2  3  4  5 |
---------------+----------------+-----
Fighting       | 4 |  4.7
Armour         | 4 5 |  5.1
Shields        | 4 |  4.6
Maces & Flails | 3 |  3.2
Short Blades   | 1 |  1.5
Dodging        | 1 |  1.0

Action                     |  1- 3 |  4- 6 || total
---------------------------+-------+-------++-------
  Melee: Flail             |    60 |     7 ||    67
         Headbutt          |    12 |    11 ||    23
         Rapier            |       |    76 ||    76
    Use: Scroll            |       |     7 ||     7
 Armour: Scale mail        |    52 |    60 ||   112
  Dodge: Dodged            |    40 |    49 ||    89
  Block: Buckler           |    23 |    46 ||    69

Table legend: (Time is in decaauts)
 A = Elapsed time spent in this place.
 B = Non-inter-level travel time spent in this place.
 C = Inter-level travel time spent in this place.
 D = Time resting spent in this place.
 E = Time spent auto-exploring this place.
 F = Levels seen in this place.
 G = Mean time per level.
                   A        B        C        D        E       F      G
               +--------+--------+--------+--------+--------+-----+--------+
         Total |   2322 |   2220 |    102 |      2 |      0 |   4 |  580.5 |
       Dungeon |   2036 |   1934 |    102 |      2 |      0 |   3 |  678.7 |
         Sewer |    285 |    285 |      0 |      0 |      0 |   1 |  285.0 |
               +--------+--------+--------+--------+--------+-----+--------+

Top non-repeatable levels by time:
     D:2: 1192 daAuts
     D:1: 731 daAuts
   Sewer: 285 daAuts
     D:3: 112 daAuts
